AoeStats
← SATOLEP

Arena

510217968Analyzed
4v4 RM · 3d ago on Sep 30, 2026· 24m 24s· 8 players
Game mode
Random Map
Map size
Large (8 player)
Population
200
Speed
Normal
Resources
Standard
Victory
Conquest
Starting age
Dark Age
Ending age
Imperial Age
RankedLock teamsTeams togetherTeam positionsShared explorationLock speedFull tech treeHidden civsTurbo modeCheats
Victory
Defeat
🇵🇪 Cumans · Peru
1278
+15
🇵🇪 Italians · Peru
1277
+15
🇲🇽 Teutons · Mexico
1267
+15
🇮🇹 Goths · Italy
1188
+18
🇨🇴 Khmer · Colombia
1287
-17
🇹🇷 Malians · Türkiye
1248
-16
🇨🇴 Saxons · Colombia
1227
-15
🇹🇷 Teutons · Türkiye
1225
-15
Astaroth
12:18 Feudal Age
12:58 Horse Collar
15:57 Castle Age
14:59 Scale Barding Armor
Chayeli
9:50 Feudal Age
8:09 Loom
14:26 Castle Age
13:03 Double-Bit Axe
SATOLEP
4:48 Loom
8:30 Feudal Age
15:02 Castle Age
14:31 Bloodlines
Crucio
10:15 Feudal Age
11:07 Double-Bit Axe
14:24 Castle Age
12:56 Horse Collar
18:40 Gold Mining
19:54 Wheelbarrow
22:15 Bow Saw
AiM | Khaz
11:02 Feudal Age
14:36 Castle Age
13:17 Double-Bit Axe
13:15 Horse Collar
15:36 Bow Saw
20:09 Wheelbarrow
20:09 Gold Mining
23:30 Stone Mining
24:47 Redemption
MLT | Bombad Gastald
11:13 Feudal Age
11:35 Feudal Age
15:18 Castle Age
13:14 Double-Bit Axe
13:11 Horse Collar
14:21 Man-at-Arms
21:31 Scale Mail Armor
21:42 Forging
21:13 Long Swordsman
22:21 Squires
23:52 Chain Mail Armor
Kierkegaard
9:28 Feudal Age
12:55 Wheelbarrow
15:27 Fletching
23:05 Castle Age
21:26 Double-Bit Axe
21:24 Horse Collar
22:50 Gold Mining
22:52 Stone Mining
23:25 Crossbowman
24:18 Loom
aariva83
2:24 Loom
10:01 Feudal Age
11:05 Double-Bit Axe
13:15 Horse Collar
20:19 Wheelbarrow
26:43 Castle Age
25:13 Forging
Connection lost

Rejoining the realm…

Still unreachable

The connection could not be restored.

Session expired

The server has moved on; the page needs a fresh start.